 Dungeon Crawl Stone Soup version 0.25-a0-502-g6516661 (webtiles) character file.

Game seed: 11845466296379480155, levelgen mode: deterministic

20 Faca the Skirmisher (level 3, -2/25 HPs)
             Began as a Halfling Abyssal Knight on Feb 12, 2020.
             Was a Follower of Lugonu.
             Slain by a hobgoblin
             ... wielding a +0 club
              (7 damage)
             ... on level 1 of the Dungeon.
             The game lasted 00:01:11 (468 turns).

Faca the Skirmisher (Halfling Abyssal Knight)        Turns: 468, Time: 00:01:11

Health: -2/25      AC:  3    Str: 14    XL:     3   Next: 0%
Magic:  4/4        EV: 14    Int: 10    God:    Lugonu [*.....]
Gold:   36         SH:  0    Dex: 13    Spells: 2/2 levels left

rFire    . . .     SeeInvis .   a - +1 short sword
rCold    . . .     Gourm    .   (shield restricted)
rNeg     . . .     Faith    .   b - +0 leather armour
rPois    .         Spirit   .   (no helmet)
rElec    .         Reflect  .   (no cloak)
rCorr    .         Harm     .   (no gloves)
MR       .....                  (no boots)
Stlth    +.........             (no amulet)
HPRegen  0.08/turn              (no ring)
MPRegen  0.09/turn              (no ring)

@: no status effects
A: small, mutation resistance 1
a: Depart the Abyss, Renounce Religion


You were on level 1 of the Dungeon.
You worshipped Lugonu.
Lugonu was aware of your devotion.
You were not hungry.

You visited 1 branch of the dungeon, and saw 1 of its levels.
You visited the Abyss 1 time.

You collected 36 gold pieces.

Inventory:

Hand Weapons
 a - a +1 short sword (weapon)
Armour
 b - a +0 leather armour (worn)
Scrolls
 d - a scroll of blinking {unknown}
 f - a scroll of teleportation {unknown}
 i - a scroll of remove curse {unknown}
Potions
 e - a potion of curing {unknown}
 g - a potion of might {unknown}
 h - a potion of flight {unknown}
Comestibles
 c - 2 rations


   Skills:
 + Level 2.9 Fighting
 + Level 2.9 Short Blades
 + Level 2.5 Armour
 + Level 1.4 Dodging
 + Level 0.5 Stealth
 + Level 2.0 Invocations


You had 2 spell levels left.
You didn't know any spells.
Your spell library was empty.

Dungeon Overview and Level Annotations

Branches:
Dungeon (1/15)

Altars:


Innate Abilities, Weirdness & Mutations

You are small and have problems with some larger weapons.
You are somewhat resistant to further mutation.


Message History

The hobgoblin hits you but does no damage.
You hit the dart slug.
You kill the dart slug!
Lugonu accepts your kill.
You have reached level 3!
Your experience leads to an increase in your attributes!
Increase (S)trength, (I)ntelligence, or (D)exterity?
You feel stronger. The goblin closely misses you.
You completely miss the hobgoblin. The hobgoblin closely misses you.
The goblin hits you with a +0 club.
* * * LOW HITPOINT WARNING * * *
You hit the hobgoblin but do no damage.
The hobgoblin hits you but does no damage.
The goblin hits you with a +0 club.
* * * LOW HITPOINT WARNING * * *
You hit the hobgoblin but do no damage. The hobgoblin barely misses you.
The goblin misses you.
You closely miss the hobgoblin. The hobgoblin hits you with a +0 club!
You die...

#.#.#.# .. #.#.#.##.#
....... #.#.#....#
.....!. #...#....#
....... #####..#....#
.....^. #......#....#
.......
............#####.......
#...........#...†.....#
#####.......#...@g....#
..# #...........†g....#
..# ###..##.#.........#
..# ##.##.#######.###
..# #..#.# ...
..#######.#.# ...#
.......# ...# ..#
.......# ..# ...
.......###..#


You could see a hobgoblin and a goblin.

Vanquished Creatures
  2 dart slugs (D:1)
  A leopard gecko (D:1)
  2 bats (D:1)
  A goblin (D:1)
  2 hobgoblins (D:1)
  3 kobolds (D:1)
  4 rats (D:1)
15 creatures vanquished.

Notes
Turn   | Place    | Note
-------+----------+-------------------------------------------
     0 | Abyss:1  | Faca the Halfling Abyssal Knight began the quest for the
                  | Orb.
     0 | Abyss:1  | Reached XP level 1. HP: 15/15 MP: 2/2
     0 | Abyss:1  | Found a corrupted altar of Lugonu.
    44 | Abyss:1  | Noticed a starcursed mass
    46 | D:1      | Escaped the Abyss
   270 | D:1      | Reached XP level 2. HP: 20/20 MP: 3/3
   464 | D:1      | Reached XP level 3. HP: 7/25 MP: 4/4
   468 | D:1      | Slain by a hobgoblin

Levels and vault maps discovered:
D:1:      onia_arrival_handbag, layout_basic

Action                   || total
-------------------------++-------
Melee: Short sword       ||    54
 Stab: Sleeping          ||     1
Armor: Leather armour    ||    14
Dodge: Dodged            ||    31

Table legend:
 A = Non-vault XP
 B = Vault XP
 C = Vault XP percentage of total XP
 D = Non-vault monster count
 E = Vault monster count
 F = Vault count percentage of total count
                 A         B        C        D         E       F
            +---------+---------+-------+---------+---------+-------
      Total |      25 |       4 |  13.8 |      11 |       4 |  26.7
            +---------+---------+-------+---------+---------+-------
        D:1 |      25 |       4 |  13.8 |      11 |       4 |  26.7
            +---------+---------+-------+---------+---------+-------
